 Dungeon Crawl Stone Soup version 0.24-a0-201-gf205589 (console) character file.

Game seed: 6039490715213543889

31 bli the Skirmisher (level 3, -7/29 HPs)
             Began as a Formicid Abyssal Knight on Mar 23, 2019.
             Was a Follower of Lugonu.
             Mangled by a worm (10 damage)
             ... on level 2 of the Dungeon.
             The game lasted 00:03:27 (1352 turns).

bli the Skirmisher (Formicid Abyssal Knight)        Turns: 1352, Time: 00:03:28

Health: -7/29      AC:  3    Str: 16    XL:     3   Next: 40%
Magic:  4/4        EV: 11    Int: 11    God:    Lugonu [*.....]
Gold:   55         SH:  0    Dex: 11    Spells: 2/2 levels left

rFire    . . .     SeeInvis +   a - +1 falchion
rCold    . . .     Gourm    .   (no shield)
rNeg     . . .     Faith    .   b - +0 leather armour
rPois    .         Spirit   .   (helmet unavailable)
rElec    .         Reflect  .   (no cloak)
rCorr    .         Harm     .   (no gloves)
MR       .....                  (no boots)
Stlth    ++........             (no amulet)
HPRegen  0.09/turn              (no ring)
MPRegen  0.09/turn              (no ring)

@: no status effects
A: permanent stasis, dig shafts and tunnels, four strong arms, antennae 3
a: Dig, Shaft Self, Depart the Abyss, Renounce Religion


You were on level 2 of the Dungeon.
You worshipped Lugonu.
Lugonu was aware of your devotion.
You were hungry.

You visited 1 branch of the dungeon, and saw 2 of its levels.
You visited the Abyss 1 time.

You collected 55 gold pieces.

Inventory:

Hand Weapons
 a - a +1 falchion (weapon)
Missiles
 j - 85 stones (quivered)
Armour
 b - a +0 leather armour (worn)
Scrolls
 d - 5 scrolls of identify {unknown}
 g - a scroll of amnesia {unknown}
 h - a scroll of remove curse {unknown}
 i - a scroll of blinking {unknown}
 l - a scroll of enchant weapon {unknown}
 m - 3 scrolls of teleportation {unknown}
Potions
 e - a potion of resistance {unknown}
 f - a potion of flight {unknown}
 k - a potion of heal wounds {unknown}
Comestibles
 c - 4 rations
 n - 4 chunks of flesh


   Skills:
 - Level 3.2 Fighting
 + Level 2.7 Long Blades
 - Level 2.1 Armour
 * Level 1.5 Dodging
 * Level 1.9 Stealth
 - Level 2.1 Invocations


You had 2 spell levels left.
You didn't know any spells.
Your spell library was empty.

Dungeon Overview and Level Annotations

Branches:
Dungeon (2/15)

Altars:
Gozag

Annotations:
D:2 Sigmund


Innate Abilities, Weirdness & Mutations

You cannot be hasted, slowed, berserked, paralysed or teleported.
You can dig through walls and to a lower floor.
Your four strong arms can wield two-handed weapons with a shield.
You have a pair of large antennae on your head. (SInv)


Message History

You see here 2 gold pieces.
You see here 2 gold pieces.
You barely miss the worm. You hit the worm.
The worm is lightly wounded.
The worm bites you!
You are feeling hungry.
You slash the worm!
The worm is heavily wounded.
The worm bites you!
You hit the worm.
The worm is severely wounded.
You hit the worm.
The worm is severely wounded.
The worm bites you!
* * * LOW HITPOINT WARNING * * *
You hit the worm.
The worm is almost dead.
The worm bites you!
You die...

###################
#..................
#..................
###.....$............
#.............$$$......
#.#...........$_$......
###.#..........w@$$......
.........##.............
#..###.##.............
#...<#.##.............
#...##.##.....###############
###.@##.##...................##
###..>).รท........................
#..........#...................##
#..........#...................##
#......................).......##
#..........######.........)....##


You could see a worm.

Vanquished Creatures
  A leopard gecko (D:2)
  3 bats
  3 giant cockroaches
  4 goblins
  2 hobgoblins (D:1)
  4 kobolds (D:1)
  2 ball pythons
  3 frilled lizards
  9 rats
31 creatures vanquished.

Notes
Turn   | Place    | Note
-------+----------+-------------------------------------------
     0 | Abyss:1  | bli the Formicid Abyssal Knight began the quest for the
                  | Orb.
     0 | Abyss:1  | Reached XP level 1. HP: 18/18 MP: 2/2
    30 | Abyss:1  | Found a stormy altar of Qazlal.
    32 | Abyss:1  | Noticed an ancient zyme
    39 | Abyss:2  | Noticed a hellwing
    54 | Abyss:3  | Found a corrupted altar of Lugonu.
    56 | Abyss:3  | Noticed a spatial maelstrom
    62 | Abyss:3  | Noticed a spatial vortex
    64 | D:1      | Escaped the Abyss
    67 | D:1      | Reached skill level 1 in Dodging
   374 | D:2      | Reached skill level 1 in Stealth
   374 | D:2      | Reached XP level 2. HP: 23/24 MP: 3/3
   403 | D:1      | Reached * piety under Lugonu
   960 | D:2      | Reached XP level 3. HP: 29/29 MP: 4/4
   998 | D:2      | Found an opulent altar of Gozag.
  1030 | D:2      | Noticed Sigmund
  1352 | D:2      | Mangled by a worm

Levels and vault maps discovered:
D:1:      lemuel_arrival_room, layout_basic
D:2:      layout_basic, nicolae_gozag_seed_capital, marbit_many_paths,
          uniq_sigmund
Abyss:1:  evilmike_abyss_exit_plants
Abyss:2:  evilmike_abyss_exit_kraken
Abyss:3

Skill      XL: |  1 |
---------------+----+-----
Dodging        | 1 |  1.5
Stealth        | 1 |  1.9
Fighting       | |  3.2
Long Blades    | |  2.7
Armour         | |  2.1
Invocations    | |  2.1

Action                   || total
-------------------------++-------
Melee: Falchion          ||    84
Invok: Depart the Abyss  ||     1
 Stab: Sleeping          ||     1
  Eat: Chunk             ||     1
Armor: Leather armour    ||    30
Dodge: Dodged            ||    54
       Rpst.: Falchion   ||    21

Table legend:
 A = Non-vault XP
 B = Vault XP
 C = Vault XP percentage of total XP
 D = Non-vault monster count
 E = Vault monster count
 F = Vault count percentage of total count
                 A         B        C        D         E       F
            +---------+---------+-------+---------+---------+-------
      Total |      45 |       0 |   0.0 |      31 |       0 |   0.0
            +---------+---------+-------+---------+---------+-------
        D:1 |      26 |       0 |   0.0 |      18 |       0 |   0.0
        D:2 |      19 |       0 |   0.0 |      13 |       0 |   0.0
            +---------+---------+-------+---------+---------+-------
